 Seeded DCSS version 0.28-a0-1638-g9123634e07 (webtiles) character file.

Game seed: 20211226 (custom seed)

43004 muata the Tortoise (level 13, -10/126 HPs)
             Began as a Minotaur Berserker on Dec 26, 2021.
             Was a High Priest of Trog.
             Killed from afar by Jorgrun (30 damage)
             ... with an iron shot
             ... on level 15 of the Dungeon on Jan 25, 2022.
             The game lasted 01:01:46 (15921 turns).

muata the Tortoise (Minotaur Berserker)            Turns: 15921, Time: 01:01:47

Health: -10/126    AC: 33    Str: 28    XL:     13   Next: 88%
Magic:  12/12      EV:  5    Int:  4    God:    Trog [*****.]
Gold:   779        SH:  7    Dex:  9    Spells: 12/12 levels left

rFire   + . .      SeeInvis .   l - +2 demon trident (flame)
rCold   . . .      Faith    .   W - +2 buckler of the Trout {Slay+3}
rNeg    . . .      Spirit   .   K - +18 Lear's hauberk
rPois   .          Reflect  .   (helmet currently unavailable)
rElec   .          Harm     .   n - +0 cloak
rCorr   .          Rampage  .   (gloves currently unavailable)
Will    .....                   (boots currently unavailable)
Stlth   ..........              (no amulet)
HPRegen 0.31/turn               d - ring of protection from fire
MPRegen 0.13/turn               x - +4 ring of slaying

@: petrifying, on berserk cooldown, slowed, very slow
A: horns 2, retaliatory headbutt
a: Renounce Religion, Berserk, Trog's Hand, Brothers in Arms


You were on level 15 of the Dungeon.
You worshipped Trog.
Trog was extremely pleased with you.
You visited 1 branch of the dungeon, and saw 15 of its levels.
You also visited: Bailey.

You collected 779 gold pieces.

Inventory:

Hand Weapons
 l - a +2 demon trident of flaming (weapon)
 t - the +9 hand axe "Susulach" {protect, *Rage rElec Dex+8}
   (You found it on level 5 of the Dungeon)

   It grants its wielder temporary protection when it strikes (+7 to AC).
   Dex:       It affects your dexterity (+8).
   rElec:     It insulates you from electricity.
   *Rage:     It berserks you when you make melee attacks (+20% chance).
 B - the +6 dagger "Gedafesk" {freeze, rF- rN++ Will+ rCorr}
   (You found it in a bailey)

   It freezes those it strikes, dealing additional cold damage.
   It can also slow down cold-blooded creatures.
   rF:        It makes you vulnerable to fire.
   rN:        It greatly protects you from negative energy.
   rCorr:     It protects you from acid and corrosion.
   Will:      It increases your willpower.
 C - a +6 war axe
 F - the +5 trident of muata's Quick Death {drain, rCorr}
   (You took it off an orc priest on level 9 of the Dungeon)

   A truly terrible weapon, it drains the life of any living foe it strikes.
   rCorr:     It protects you from acid and corrosion.
Missiles
 z - 5 silver javelins (quivered)
 R - 5 poisoned darts
 S - 3 curare-tipped darts
Armour
 a - a +0 pair of boots
 n - a +0 cloak (worn)
 o - a +0 pair of gloves
 K - the +18 Lear's hauberk (worn)
   (You found it on level 10 of the Dungeon)
 L - the +7 chain mail of Inviolability {rPois Slay+4}
   (You found it on level 10 of the Dungeon)

   Slay:      It affects your accuracy & damage with ranged weapons and melee
   (+4).
   rPois:     It protects you from poison.
 W - the +2 buckler of the Trout (worn) {Slay+3}
   (You found it on level 15 of the Dungeon)

   Slay:      It affects your accuracy & damage with ranged weapons and melee
   (+3).
Jewellery
 d - a ring of protection from fire (left hand)
 g - a ring of resist corrosion
 x - a +4 ring of slaying (right hand)
Wands
 i - a wand of iceblast (6)
 r - a wand of charming (6)
 D - a wand of polymorph (5)
 I - a wand of mindburst (10)
 M - a wand of digging (9)
Scrolls
 f - 11 scrolls of teleportation
 k - 6 scrolls of fog
 u - 3 scrolls of fear
 v - 4 scrolls of vulnerability
 w - 2 scrolls of enchant armour
 y - a scroll of blinking {unknown}
 E - 2 scrolls of torment
 N - 2 scrolls of immolation {unknown}
 Q - a scroll of summoning {unknown}
Potions
 b - 2 potions of cancellation
 c - 3 potions of flight
 e - 3 potions of mutation
 h - 3 potions of invisibility
 j - 3 potions of might {unknown}
 m - 3 potions of lignification
 p - 8 potions of curing
 q - 3 potions of heal wounds
 s - 2 potions of magic {unknown}
 J - 2 potions of haste {unknown}
 P - a potion of resistance {unknown}
 V - a potion of berserk rage
Miscellaneous
 G - a tin of tremorstones (1/2)
 T - a lightning rod (3/4)


   Skills:
 - Level 15.1 Fighting
 - Level 5.0 Short Blades
 - Level 14.1(14.5) Axes
 - Level 5.6(10.8) Polearms
 - Level 15.1 Armour
 - Level 2.1 Dodging
 + Level 5.9 Shields
 + Level 6.3 Evocations


You had 12 spell levels left.
You didn't know any spells.
Your spell library was empty.

Dungeon Overview and Level Annotations

Branches:
Dungeon (15/15)            Temple (0/1) D:5            Lair (0/6) D:9
    Orc (0/2) D:9          Vaults (0/5) D:14         Bailey (visited)
 Depths: D:15

Altars:
Ashenzari
Dithmenos
Hepliaklqana
Kikubaaqudgha
Makhleb
Okawaru
Sif Muna
Trog
Uskayaw
Vehumet
Wu Jian
Xom

Shops:
D:1 [   D:12 [?!

Annotations:
D:7 exclusion: statue
D:15 Jorgrun


Innate Abilities, Weirdness & Mutations

You have a pair of horns on your head.
You reflexively headbutt those who attack you in melee.


Message History

Jorgrun gestures next to you while chanting.
The wall shatters!
The blast of rock fragments hits you but does no damage.
The grasping roots constrict you.
You puncture Jorgrun! You burn Jorgrun!
Jorgrun is severely wounded.
You block Jorgrun's attack. The grasping roots constrict you.
You closely miss Jorgrun.
Jorgrun is severely wounded.
You block Jorgrun's attack. The grasping roots constrict you!
* * * LOW HITPOINT WARNING * * *
The slime creature jiggles.
You hit Jorgrun. You burn Jorgrun.
Jorgrun is severely wounded.
Jorgrun points at you and mumbles some strange words.
You struggle to resist.
The grasping roots constrict you!
* * * LOW HITPOINT WARNING * * *
You feel much better. Jorgrun hits you with a staff of earth!
The grasping roots constrict you.
* * * LOW HITPOINT WARNING * * *
You block Jorgrun's attack. The grasping roots constrict you.
* * * LOW HITPOINT WARNING * * *
Aiming: Thunderbolt
Press: ? - help, Shift-Dir - straight line, f - Jorgrun
Aim: Jorgrun, wielding a staff of earth and wearing a +0 robe (severely wounded)
The thunderbolt hits Jorgrun!
Jorgrun is severely wounded.
Jorgrun gestures at you while chanting.
You are slowing down.
The grasping roots constrict you.
* * * LOW HITPOINT WARNING * * *
The grasping roots release their grip on you.
The tremorstone explodes into fragments!
Jorgrun hits you but does no damage.
Jorgrun gestures next to you while chanting.
The wall shatters!
The blast of rock fragments hits you!!
* * * LOW HITPOINT WARNING * * *
Jorgrun gestures at you while chanting. The iron shot hits you!!!
You die...

≈≈###..### #..## #...... ≈≈≈ #..#
##..# #...... #####.!## ####.#
##...... ........########.##.###
#.......
..............##.##...####.......
###.###..#..#.##.####.#..........
#..###..#...##.# ##.#.###......
##..###........###.............
####.# ##...###@..#.............
#....# ##.##..g#.D.............
##.#### J#.#≈#.............#....
...# #≈J#.#≈≈#...(.....[.###.##
#### #≈≈≈#.#≈≈≈#......##..# #.##
≈# ###≈≈≈#.###.#..#..###..###..#
## #.#≈J≈#.........[..###...##.#
# #.#≈J≈#####.#....#...........
#.# #................


You could see Jorgrun, a fire dragon and a slime creature.

Vanquished Creatures
  An orc warlord (Bailey)
  An ice dragon (D:15)
  A boulder beetle (D:12)
  4 centaur warriors
  3 hydras
  3 two-headed ogres
  4 tengu warriors
  Urug (D:11)
  A wizard (D:14)
  2 orc knights
  3 deep elf pyromancers
  A necromancer (D:14)
  3 ugly things (D:14)
  7 cyclopes
  A black mamba (shapeshifter) (D:13)
  3 gargoyles
  Maggie (D:6)
  2 tengu conjurers (D:14)
  A meliai (shapeshifter) (D:15)
  4 trolls
  Grinder (D:5)
  2 hornets
  A slime creature (D:9)
  A wraith (D:9)
  2 shadows (D:11)
  2 vampires
  A basilisk (D:12)
  14 yaks
  5 vampire mosquitoes
  Edmund (D:5)
  4 acid dragons
  2 wargs (D:9)
  8 orc warriors
  2 water moccasins (D:7)
  3 sky beasts
  Duvessa (D:7)
  A hornet zombie (D:7)
  A black bear (D:6)
  2 ogres
  5 boggarts (D:13)
  11 centaurs
  A kobold brigand (D:10)
  A scorpion (D:5)
  3 water moccasin zombies (D:5)
  Dowan (D:7)
  A water moccasin skeleton (D:5)
  7 killer bees
  9 wights
  2 howler monkeys (D:8)
  3 bullfrog zombies
  4 jellies
  10 centaur zombies
  A gnoll shaman (D:6)
  7 orc priests
  3 hounds
  A centaur skeleton (D:5)
  3 bullfrog skeletons (D:5)
  2 iguanas (D:6)
  Natasha (D:3)
  6 orc wizards
  A scorpion zombie (D:5)
  A killer bee zombie (D:8)
  A howler monkey zombie (D:11)
  Robin (D:2)
  A howler monkey skeleton (D:5)
  7 gnolls
  5 adders
  2 white imps
  3 adder skeletons
  A worm (D:4)
  5 dart slugs
  25 orcs
  6 ball pythons
  9 endoplasms
  5 giant cockroaches
  20 goblins
  17 hobgoblins
  4 jackals (D:2)
  3 quokkas
  6 bats
  2 frilled lizards
  13 kobolds
  6 rats
327 creatures vanquished.

Vanquished Creatures (collateral kills)
  A gargoyle (D:11)
1 creature vanquished.

Vanquished Creatures (others)
  A human (D:3)
  5 plants (D:8)
  A withered plant (D:5)
7 creatures vanquished.

Grand Total: 335 creatures vanquished

Notes
Turn   | Place    | Note
-------+----------+-------------------------------------------
     0 | D:1      | muata the Minotaur Berserker began the quest for the Orb.
     0 | D:1      | Reached XP level 1. HP: 19/19 MP: 0/0
   436 | D:1      | Found Jobrofi's Antique Armour Boutique.
   445 | D:1      | Reached XP level 2. HP: 21/26 MP: 1/1
   782 | D:1      | Reached skill level 5 in Axes
  1101 | D:1      | Found a faded altar of an unknown god.
  1253 | D:2      | Reached XP level 3. HP: 31/31 MP: 2/2
  1422 | D:2      | Noticed Robin
  1427 | D:2      | Reached ** piety under Trog
  1438 | D:2      | Killed Robin
  1439 | D:2      | Reached XP level 4. HP: 39/39 MP: 3/3
  2305 | D:3      | Reached XP level 5. HP: 44/45 MP: 4/4
  2377 | D:3      | Found an ancient bone altar of Kikubaaqudgha.
  2383 | D:3      | Noticed a human
  2384 | D:3      | Killed a human
  2514 | D:3      | Found a shadowy altar of Dithmenos.
  2651 | D:3      | Noticed Natasha
  2664 | D:3      | Killed Natasha
  2765 | D:3      | Reached *** piety under Trog
  3333 | D:5      | Entered Level 5 of the Dungeon
  3343 | D:5      | Reached XP level 6. HP: 45/51 MP: 5/5
  3423 | D:5      | Noticed Edmund
  3436 | D:5      | Noticed Grinder
  3438 | D:5      | Killed Edmund
  3444 | D:5      | Paralysed by Grinder for 5 turns
  3454 | D:5      | Paralysed by Grinder for 5 turns
  3459 | D:5      | Killed Grinder
  3460 | D:5      | Reached skill level 10 in Axes
  3460 | D:5      | Reached XP level 7. HP: 23/57 MP: 6/6
  3658 | D:5      | Identified the +9 hand axe "Susulach" {protect, *Rage rElec
                  | Dex+8}
  3700 | D:5      | Found a shimmering blue altar of Sif Muna.
  3745 | D:5      | Found a staircase to the Ecumenical Temple.
  3978 | D:5      | Reached XP level 8. HP: 64/64 MP: 7/7
  3999 | D:5      | Reached **** piety under Trog
  4616 | D:6      | Identified the +7 falchion "Ehohan" {flame, +Blink Will-
                  | SInv}
  4843 | D:6      | Reached XP level 9. HP: 70/70 MP: 8/8
  4922 | D:6      | Noticed Maggie
  4927 | D:6      | Killed Maggie
  4928 | D:6      | Reached skill level 5 in Armour
  4978 | D:6      | Found a broken altar of Ashenzari.
  4979 | D:6      | Found a shimmering altar of Xom.
  4980 | D:6      | Found an ornate altar of the Wu Jian Council.
  4981 | D:6      | Found a burning altar of Makhleb.
  5921 | D:7      | Noticed Duvessa
  5923 | D:7      | Noticed Dowan
  5927 | D:7      | Killed Duvessa
  5936 | D:7      | Killed Dowan
  6026 | D:7      | Found a radiant altar of Vehumet.
  6331 | D:8      | Reached skill level 10 in Armour
  6354 | D:8      | Reached XP level 10. HP: 33/77 MP: 9/9
  6429 | D:8      | Upgraded the game from 0.28-a0-1286-g6bde065e89 to
                  | 0.28-a0-1339-ga5422284a4
  6703 | D:8      | Reached ***** piety under Trog
  6712 | D:8      | Found a flagged portal.
  6724 | Bailey   | Entered a bailey
  6729 | Bailey   | Noticed an orc warlord
  6764 | Bailey   | Noticed an orc knight
  6774 | Bailey   | Killed an orc knight
  6993 | Bailey   | Found a runed translucent gate.
  6995 | Bailey   | Found a runed translucent gate.
  6997 | Bailey   | Found a runed translucent gate.
  7080 | Bailey   | Killed an orc warlord
  7501 | Bailey   | Identified the +6 dagger "Gedafesk" {freeze, rF- rN++ Will+
                  | rCorr}
  7798 | D:8      | Found a hazy altar of Hepliaklqana.
  8012 | D:8      | Found a bloodstained altar of Trog.
  8012 | D:8      | Found an iron altar of Okawaru.
  8053 | D:8      | Upgraded the game from 0.28-a0-1339-ga5422284a4 to
                  | 0.28-a0-1387-g3a22ab9bdc
  8126 | D:9      | Found a staircase to the Lair.
  8247 | D:9      | Identified the +5 trident of muata's Quick Death {drain,
                  | rCorr}
  8364 | D:9      | Found a staircase to the Orcish Mines.
  8464 | D:9      | Noticed a two-headed ogre
  8476 | D:9      | Killed a two-headed ogre
  8658 | D:9      | Reached XP level 11. HP: 82/91 MP: 10/10
  9099 | D:9      | Found a hide-covered altar of Uskayaw.
  9417 | D:9      | Upgraded the game from 0.28-a0-1387-g3a22ab9bdc to
                  | 0.28-a0-1629-gf728b707aa
  9529 | D:10     | Entered Level 10 of the Dungeon
  9529 | D:10     | Noticed a two-headed ogre
  9540 | D:10     | Noticed a tengu warrior
  9565 | D:10     | Killed a tengu warrior
  9566 | D:10     | Reached skill level 10 in Fighting
  9590 | D:10     | Upgraded the game from 0.28-a0-1629-gf728b707aa to
                  | 0.28-a0-1638-g9123634e07
  9822 | D:10     | Killed a two-headed ogre
 10251 | D:10     | Found the +18 Lear's hauberk
 10340 | D:10     | Identified the +7 chain mail of Inviolability {rPois
                  | Slay+4}
 10726 | D:11     | Noticed Urug
 10745 | D:11     | Killed Urug
 11147 | D:11     | Noticed a two-headed ogre
 11154 | D:11     | Killed a two-headed ogre
 11313 | D:11     | Found a broken altar of Ashenzari.
 11851 | D:11     | Reached skill level 15 in Armour
 11851 | D:11     | Reached XP level 12. HP: 118/118 MP: 11/11
 11907 | D:12     | Found Tedass's Distillery.
 11933 | D:12     | Noticed a boulder beetle
 11944 | D:12     | Killed a boulder beetle
 11945 | D:12     | Reached skill level 15 in Fighting
 11945 | D:12     | Reached XP level 13. HP: 126/126 MP: 12/12
 12018 | D:12     | Found Garuxyush's Magic Scroll Shop.
 12063 | D:12     | Found Nyipourph's Antique Armour Boutique.
 12129 | D:12     | Reached skill level 1 in Short Blades
 12445 | D:13     | Reached skill level 5 in Short Blades
 12526 | D:13     | Reached skill level 1 in Polearms
 12544 | D:13     | Reached skill level 1 in Evocations
 12928 | D:14     | Received a gift from Trog
 13362 | D:14     | Reached skill level 5 in Polearms
 13574 | D:14     | Identified the ring "Oczepelepe" {*Corrode rElec rN+++
                  | Will+ Dex-5}
 13770 | D:14     | Reached skill level 1 in Shields
 13785 | D:14     | Found a gate to the Vaults.
 14371 | D:15     | Entered Level 15 of the Dungeon
 14435 | D:15     | Reached skill level 5 in Evocations
 14469 | D:15     | Identified the +3 chain mail "Roenysui" {Int+4}
 14541 | D:15     | Identified the +2 buckler of the Trout {Slay+3}
 14676 | D:15     | Reached skill level 5 in Shields
 15098 | D:15     | Noticed a fire dragon
 15105 | D:15     | Noticed Jorgrun
 15921 | D:15     | Killed from afar by Jorgrun

Illustrated notes

Levels and vault maps discovered:
D:1:      lightli_arrival_statuegarden, layout_basic, serial_shops, shop_statue,
          chequers_ecumenical_altar_grove
D:2:      layout_loops_ring, kennysheep_nub, uniq_robin
D:3:      minmay_inner_zag, layout_rooms, marbit_many_paths, tgw_kikubaaqudgha,
          minivault_14, uniq_natasha
D:4:      layout_rooms
D:5:      layout_rooms, mainiacjoe_overflow_alcove_4,
          minmay_temple_entry_slanted, serial_undead, serial_undead_a,
          serial_undead_c, serial_undead_b, serial_undead_c, serial_undead_c,
          minivault_19, corexii_checkpoint_a, minmay_tree_intersection,
          uniq_grinder, uniq_edmund
D:6:      layout_rooms, mainiacjoe_overflow_alcove_3, serial_co_window_serial,
          co_window_corner_a, co_window_of_opportunity_a, co_window_corner_a,
          co_window_corner_a, co_window_paths_a, co_window_corner_b,
          co_window_paths_c, co_window_corner_ca, co_window_2corner,
          co_window_unsneaky_path_a, co_window_4corner_a, co_window_paths_d,
          glass_columns_b, glass_columns_a, uniq_maggie
D:7:      layout_rooms, vehumet_statue, uniq_duvessa
D:8:      layout_cave_pools, grunt_temple_overflow_bloody_war,
          nicolae_hepliaklqana_hazy_memory, enter_bailey_5, minivault_27
D:9:      layout_roguey, overflow_temple_1_default, erik_lair_orcish_takeover,
          orc_0_dummy, hangedman_corner_corridor
D:10:     layout_cave_pools, hellmonk_guarded_unrand_lears
D:11:     layout_grid_maze, ashenzari_altar_1, uniq_urug
D:12:     layout_rooms, serial_shops, shop, shop_statue,
          nicolae_shop_behind_doors
D:13:     layout_gridville, roderic_serpentine_path
D:14:     layout_loops_ring, david_vaults_1, grunt_decor_cap
D:15:     grunt_enter_depths_hoard, layout_rooms, serial_aquarium,
          aquarium_bridge_square [aquarium_subvault_wall,
          aquarium_subvault_wall, aquarium_subvault_bridge,
          aquarium_subvault_bridge], aquarium_window_2, aquarium_window_1,
          aquarium_view_2e, aquarium_view_2d, aquarium_balcony_1b,
          aquarium_pool_split, grunt_decor_mini_mirrors, uniq_jorgrun

Skill      XL: |  1  2  3  4  5  6  7  8  9 10 11 12 13 |
---------------+----------------------------------------+-----
Axes           | 4 5 6 8 10 11 14 | 14.1
Armour         | 3 10 13 15 | 15.1
Fighting       | 6 14 15 | 15.1
Short Blades   | 5 |  5.0
Polearms       | 5 |  5.6
Evocations     | 6 |  6.3
Shields        | 5 |  5.9
Dodging        | |  2.1

Action                   |  1- 3 |  4- 6 |  7- 9 | 10-12 | 13-15 || total
-------------------------+-------+-------+-------+-------+-------++-------
Melee: Hand axe          |    70 |   125 |   156 |    60 |       ||   411
       Headbutt          |     6 |    18 |    41 |    45 |    37 ||   147
       War axe           |       |       |       |   193 |    96 ||   289
       Punch             |       |       |       |     2 |     1 ||     3
       Dagger            |       |       |       |     7 |    12 ||    19
       Demon trident     |       |       |       |       |    57 ||    57
Throw: Javelin           |       |       |       |       |     4 ||     4
Invok: Berserk           |     1 |     1 |     2 |     7 |     4 ||    15
       Brothers in Arms  |       |       |       |     1 |       ||     1
Evoke: Wand              |       |       |       |       |     6 ||     6
       Lightning rod     |       |       |       |       |     2 ||     2
       Tin of tremorston |       |       |       |       |     1 ||     1
  Use: Scroll            |       |       |    10 |     5 |     4 ||    19
       Potion            |       |       |       |     1 |     1 ||     2
Armor: Animal skin       |     6 |       |       |       |       ||     6
       Ring mail         |    22 |       |       |       |       ||    22
       Plate armour      |       |    83 |   106 |   113 |       ||   302
       Chain mail        |       |       |       |    18 |   182 ||   200
Dodge: Dodged            |    49 |    44 |    56 |    93 |    84 ||   326
Block: Buckler           |       |       |       |       |    38 ||    38

Table legend: (Time is in decaauts)
 A = Elapsed time spent in this place.
 B = Non-inter-level travel time spent in this place.
 C = Inter-level travel time spent in this place.
 D = Time resting spent in this place.
 E = Time spent auto-exploring this place.
 F = Levels seen in this place.
 G = Mean time per level.
                   A        B        C        D        E       F      G
               +--------+--------+--------+--------+--------+-----+--------+
         Total |  16082 |  15313 |    769 |   2824 |   9211 |  16 | 1005.1 |
       Dungeon |  15226 |  14457 |    769 |   2273 |   9205 |  15 | 1015.1 |
        Bailey |    856 |    856 |      0 |    551 |      6 |   1 |  856.0 |
               +--------+--------+--------+--------+--------+-----+--------+

Top non-repeatable levels by time:
    D:14: 1924 daAuts
     D:9: 1465 daAuts
    D:11: 1409 daAuts
     D:6: 1403 daAuts
     D:1: 1227 daAuts
     D:5: 1061 daAuts
     D:2: 966 daAuts
    D:10: 933 daAuts
  Bailey: 856 daAuts
    D:15: 826 daAuts
     D:7: 809 daAuts
    D:13: 739 daAuts
     D:3: 729 daAuts
     D:8: 725 daAuts
    D:12: 589 daAuts
